Good game against Willlthenoobz, we were close

Match 19872353
End
Panzergrenadier Squad
250 Light Carrier
Construct Light Support Kompanie
Assault Grenadier Squad
Selects Armored Support Battlegroup
Selects Superior Fire Drills
Construct Mechanized Kompanie
8 Rad Armored Car
Vehicle Survival Package
254 Reconnaissance Tractor
Panzerjäger Mechanized Group
Construct Panzerarmee Kommand
Panzerjäger Squad
Selects Flammpanzer III Medium Tank Sd.Kfz. 141
Selects Battlefield Salvage
Emergency Repair Kits
Panzer III L Medium Tank
Battlefield Salvage
Selects Salvage Kits
Armored Reserves
Selects Panzer Storm
Panzer IV Assault Group
Tungsten Core Ammunition
Battlefield Salvage
Panzer Storm
Panzer III L Medium Tank
Panzer III L Medium Tank
Selects Stuka Anti-tank Loiter
Panzerpioneer Squad
Assault Grenadier Squad
Stuka Anti-tank Loiter
Battlefield Salvage
Tiger Heavy Tank
Panzer III L Medium Tank
Rapid Advance
Panzer III L Medium Tank
Stuka Anti-tank Loiter
Battlefield Salvage
Panzer IV Assault Group
Advanced Optics
Panzer III L Medium Tank
Panzer Storm
Stuka Anti-tank Loiter
Panzer III L Medium Tank
Panzerpioneer Squad
Tiger Heavy Tank
Stuka Anti-tank Loiter
Battlefield Salvage
Panzer Storm
Panzer III L Medium Tank
Flak 36 Anti-tank Gun Team
Assault Grenadier Squad
Advanced Field Repairs
Stuka Anti-tank Loiter
Panzer Storm
Battlefield Salvage
Panzer Storm
NEP_wilson_NEP
RAZER
WilllTHENOOBz
2nd Infantry Divison
My body, My Choice
lem22
Adult Asthma Is A Choice
Peaky Blinders
0
0

Comments sign in to comment!

No comments posted yet!